 Dungeon Crawl Stone Soup version 0.30-a0-367-g839099abd5 (webtiles) character file.

Game seed: 12703445118942539289

2 Aramant the Magician (level 1, 0/15 HPs)
             Began as a Djinni Fire Elementalist on Nov 18, 2022.
             Slain by a ball python (2 damage)
             ... on level 3 of the Dungeon.
             The game lasted 00:00:51 (134 turns).

Aramant the Magician (Djinni Fire Elementalist)      Turns: 134, Time: 00:00:52

Health: 0/15       AC:  2    Str:  7    XL:     1   Next: 44%
Gold:   20         EV: 12    Int: 16    God:
                   SH:  0    Dex: 13

rFire   + + .      SeeInvis .    (no weapon)
rCold   x . .      Faith    .    (no shield)
rNeg    . . .      Spirit   .    a - +0 robe
rPois   ∞          Reflect  .    (no helmet)
rElec   .          Harm     .    (no cloak)
rCorr   .          Rampage  .    (no gloves)
Will    .....                    (boots unavailable)
Stlth   ++........               (no amulet)
HPRegen 0.22/turn                (no ring)
MPRegen 0.00/turn                (no ring)

@: flying
A: sickness immunity, fire resistance 2, cold vulnerability 1, float, innate
caster, HP casting, extra vitality 1
a: no special abilities


You were on level 3 of the Dungeon.
You visited 1 branch of the dungeon, and saw 3 of its levels.

You collected 20 gold pieces.

Inventory:

Armour
 a - a +0 robe (worn)


   Skills:
 + Level 2.2 Dodging
 + Level 1.6 Stealth
 + Level 2.5 Spellcasting


You couldn't memorise any spells.
You knew the following spells:

 Your Spells              Type           Power      Damage    Failure   Level
a - Foxfire               Conj/Fire      40%        2x1d6     7%          1
b - Scorch                Fire           20%        2d6       11%         2
c - Kindle Blastsparks    Fire/Tloc/Air  20%        2d11      21%         3
d - Inner Flame           Hex/Fire       10%        N/A       21%         3
e - Flame Wave            Conj/Fire      10%        2d6       56%         4
Your spell library was empty.

Dungeon Overview and Level Annotations

Branches:
Dungeon (3/15)

Altars:

Annotations:
D:3 Jessica


Innate Abilities, Weirdness & Mutations

You are immune to sickness and miasma.
You are immune to poison.
Your flesh is very heat resistant. (rF++)
You are vulnerable to cold. (rC-)
You float through the air rather than walking.
You learn spells naturally, not from books.
Your magical power is your life essence.
You have superior vitality. (+4 MHP)


Message History

Casting: Foxfire (safe; 7% risk of failure)
Confirm with . or Enter, or press ? or * to list all spells.
You don't have enough health to cast this spell.
There is a stone staircase leading down here.
You fly downwards.
Found a ring mail.
There is a stone staircase leading up here.
There are monsters nearby!
The rat closely misses you. The rat attacks as you move away!
The rat bites you but does no damage.
Found a scroll labelled TUGYETT GEIGRI.
Casting: Foxfire (safe; 7% risk of failure)
Confirm with . or Enter, or press ? or * to list all spells.
You miscast Foxfire.
Nothing appears to happen.
* * * LOW HITPOINT WARNING * * *
The rat bites you.
* * * LOW HITPOINT WARNING * * *
The rat attacks as you move away! The rat bites you.
* * * LOW HITPOINT WARNING * * *
Found a stone staircase leading down.
The rat attacks as you move away! The rat barely misses you.
The rat attacks as you move away! The rat barely misses you.
Your magical contamination has completely faded away.
An endoplasm and a ball python come into view.
Found a falchion.
Casting: Foxfire (safe; 7% risk of failure)
Confirm with . or Enter, or press ? or * to list all spells.
You conjure some foxfire!
* * * LOW HITPOINT WARNING * * *
The rat bites you.
* * * LOW HITPOINT WARNING * * *
Found a stone staircase leading up.
The foxfire hits the rat.
You kill the rat!
A scorpion comes into view.
Your foxfire dissipates!
There are monsters nearby!
Found a gluggy blue potion.
The ball python attacks as you move away!
The ball python bites you.
You die...

##..........#
##...........#
....<.!......# s
#...........#
...###..........
................#
........J......# #
#.?#.##..##@# .
..#..#.#.S.#
.######......#.###
^.....#..# #....§#
.........####..#.#
..<......#....##.S.
.....................
..##...#..#########....
#. ###....# .#..


You could see an endoplasm (asleep) and a ball python.

Vanquished Creatures
  An endoplasm (D:1)
  A bat (D:2)
  A rat (D:3)
3 creatures vanquished.

Vanquished Creatures (others)
  11 foxfires
11 creatures vanquished.

Grand Total: 14 creatures vanquished

Notes
Turn   | Place    | Note
-------+----------+-------------------------------------------
     0 | D:1      | Aramant the Djinni Fire Elementalist began the quest for
                  | the Orb.
     0 | D:1      | Aramant set off with the following spells memorised:
                  | Foxfire, Scorch, Kindle Blastsparks, Inner Flame, Flame
                  | Wave.
     0 | D:1      | Reached XP level 1. HP: 15/15 MP: 0/0
   113 | D:3      | Noticed Jessica
   130 | D:3      | Noticed a scorpion
   134 | D:3      | Slain by a ball python

Illustrated notes

Levels and vault maps discovered:
D:1:      heliophobic_arrival_henge, layout_basic
D:2:      layout_basic, nicolae_figureground_pulse
D:3:      layout_rooms, nicolae_overflow_hidden_temple, uniq_jessica,
          uniq_sigmund

Action                   || total
-------------------------++-------
 Cast: Foxfire           ||     6
Armor: Robe              ||     1
Dodge: Dodged            ||     4

Table legend: (Time is in decaauts)
 A = Elapsed time spent in this place.
 B = Non-inter-level travel time spent in this place.
 C = Inter-level travel time spent in this place.
 D = Time resting spent in this place.
 E = Time spent auto-exploring this place.
 F = Levels seen in this place.
 G = Mean time per level.
                   A        B        C        D        E       F      G
               +--------+--------+--------+--------+--------+-----+--------+
         Total |    133 |    133 |      0 |      0 |     76 |   3 |   44.3 |
       Dungeon |    133 |    133 |      0 |      0 |     76 |   3 |   44.3 |
               +--------+--------+--------+--------+--------+-----+--------+

Top non-repeatable levels by time:
     D:2: 97 daAuts
     D:3: 20 daAuts
     D:1: 15 daAuts
